 Dungeon Crawl Stone Soup version 0.22.1-1-ga44c0e56f4 (webtiles) character file.

506 Kaderl the Shield-Bearer (level 7, -8/60 HPs)
             Began as a Hill Orc Fighter on Oct 12, 2018.
             Mangled by an ogre
             ... wielding a +0 giant spiked club
              (24 damage)
             ... on level 3 of the Dungeon.
             The game lasted 00:08:07 (3862 turns).

Kaderl the Shield-Bearer (Hill Orc Fighter)         Turns: 3862, Time: 00:08:08

Health: -8/60      AC: 13    Str: 20    XL:     7   Next: 18%
Magic:  7/7        EV:  6    Int:  8    God:
Gold:   170        SH: 10    Dex: 11    Spells: 6/6 levels left

rFire    + . .     SeeInvis +   a - +1 long sword
rCold    + . .     Gourm    .   c - +0 shield
rNeg     . . .     Faith    .   l - +0 chain mail
rPois    .         Spirit   .   (no helmet)
rElec    .         Reflect  .   g - scarf {rC+ rF+}
rCorr    .         Harm     .   d - +2 pair of gloves
MR       +....                  (no boots)
Stlth    ..........             (no amulet)
HPRegen  0.20/turn              b - ring of protection from magic
MPRegen  0.10/turn              i - ring of see invisible

@: no status effects
A: no striking features
a: no special abilities


You were on level 3 of the Dungeon.
You were not hungry.

You visited 1 branch of the dungeon, and saw 4 of its levels.

You collected 170 gold pieces.

Inventory:

Hand Weapons
 a - a +1 long sword (weapon)
Armour
 c - a +0 shield (worn)
 d - a +2 pair of gloves (worn)
 g - a scarf of resistance (worn)
 l - a +0 chain mail (worn)
Jewellery
 b - a ring of protection from magic (left hand)
 i - a ring of see invisible (right hand)
Scrolls
 h - a scroll of magic mapping
 k - 2 scrolls of remove curse
Potions
 j - 2 potions of flight {unknown}
 n - a potion of cancellation {unknown}


   Skills:
 + Level 4.7 Fighting
 + Level 4.9 Long Blades
 + Level 5.0 Armour
 + Level 1.1 Dodging
 + Level 0.4 Stealth
 + Level 5.2 Shields


You had 6 spell levels left.
You didn't know any spells.
Your spell library was empty.

Dungeon Overview and Level Annotations

Branches:
Dungeon (4/15)             Temple (0/1) D:4

Altars:
Elyvilon
Fedhas
Makhleb
Zin

Annotations:
D:3 1 runed door


Message History

The ogre hits you with a giant spiked club!
You slash the ogre!
The ogre is moderately wounded.
You hit the ogre.
The ogre is moderately wounded.
The ogre hits you but does no damage.
You hit the ogre but do no damage.
The ogre is moderately wounded.
The ogre hits you with a giant spiked club!
Your shield and chain mail prevent you from hitting the ogre.
The ogre is moderately wounded.
The ogre hits you with a giant spiked club!
* * * LOW HITPOINT WARNING * * *
You slash the ogre!
The ogre is heavily wounded.
You block the ogre's attack.
Your shield and chain mail prevent you from hitting the ogre.
The ogre is heavily wounded.
The ogre hits you with a giant spiked club!!
You die...

#..# #.##.# #.# ..##
#.##.# #(# .## #(##.#
#.# .# #.##.# #.# .#
##### #[##.###.# .#
##...## ###.##.....#
######
#.....####.[.#####..#
.....#
#.....).((<.........#
####.#
#...@.####.#######.##
.....# ##..O## #...#
#...# ###..# ##.##
###.# #.###
#..##########.# #.#
#.# #.............#
#.# #.#
#.############# #.#
#.# #.# #.# #.# #.#
#.# #.# #.#
########.###.#


You could see an ogre.

Vanquished Creatures
  A phantom (D:4)
  An ogre (D:4)
  A scorpion (D:4)
  A hound (D:4)
  2 orc wizards
  An orc priest (D:3)
  2 worker ants (D:4)
  4 adders
  2 leopard geckos
  14 orcs
  8 bats
  6 giant cockroaches
  4 hobgoblins
  4 kobolds
  2 frilled lizards (D:2)
  12 goblins
  A quokka skeleton (D:4)
  8 rats
74 creatures vanquished.

Notes
Turn   | Place    | Note
-------+----------+-------------------------------------------
     0 | D:1      | Kaderl the Hill Orc Fighter began the quest for the Orb.
     0 | D:1      | Reached XP level 1. HP: 19/19 MP: 1/1
   193 | D:1      | Reached XP level 2. HP: 17/27 MP: 2/2
   694 | D:2      | Reached XP level 3. HP: 32/33 MP: 3/3
   765 | D:2      | Found a burning altar of Makhleb.
   920 | D:2      | Noticed a cacodemon
   924 | D:2      | Noticed a neqoxec
   924 | D:2      | Noticed a hellwing
  1397 | D:3      | Noticed an angel
  1398 | D:3      | Found a glowing silver altar of Zin.
  1399 | D:3      | Found a runed door.
  1415 | D:3      | Reached XP level 4. HP: 36/40 MP: 4/4
  1704 | D:4      | Reached XP level 5. HP: 20/46 MP: 5/5
  2745 | D:3      | Found a blossoming altar of Fedhas.
  2745 | D:3      | Found a white marble altar of Elyvilon.
  2856 | D:3      | Reached XP level 6. HP: 53/53 MP: 6/6
  3104 | D:4      | Reached skill level 1 in Dodging
  3118 | D:4      | Noticed a phantom
  3174 | D:4      | Killed a phantom
  3174 | D:4      | Reached skill level 5 in Shields
  3436 | D:4      | Noticed a phantom
  3713 | D:4      | Reached skill level 5 in Armour
  3713 | D:4      | Reached XP level 7. HP: 42/60 MP: 7/7
  3817 | D:4      | Found a staircase to the Ecumenical Temple.
  3862 | D:3      | Mangled by an ogre

Skill      XL: |  1  2  3  4  5  6 |
---------------+-------------------+-----
Fighting       | 4 |  4.7
Shields        | 4 5 |  5.2
Long Blades    | 3 4 |  4.9
Armour         | 4 5 |  5.0
Dodging        | 1 |  1.1
Stealth        | |  0.4

Action                   |  1- 3 |  4- 6 |  7- 9 || total
-------------------------+-------+-------+-------++-------
Melee: Long sword        |   138 |   152 |     8 ||   298
  Use: Scroll            |     4 |     1 |       ||     5
       Potion            |     1 |       |       ||     1
  Eat: Ration            |     1 |     2 |       ||     3
Armor: Scale mail        |    73 |    58 |       ||   131
       Chain mail        |       |    19 |     1 ||    20
Dodge: Dodged            |    36 |    47 |     1 ||    84
Block: Shield            |    77 |    80 |     1 ||   158
       Rpst.: Long sword |    12 |    11 |       ||    23
